 Dungeon Crawl Stone Soup version 0.20-a0-1018-ge435b50 (webtiles) character file.

5429 Gorglomux the Covert (level 10, 0/138 HPs)
             Began as a Naga Enchanter on Apr 17, 2017.
             Was a Follower of Okawaru.
             Slain by a yak (10 damage)
             ... on level 7 of the Dungeon.
             The game lasted 00:35:47 (12203 turns).

Gorglomux the Covert (Naga Enchanter)              Turns: 12203, Time: 00:35:47

Health: 0/138      AC: 25    Str: 12    XL:     10   Next: 67%
Magic:  2/13       EV:  1    Int: 15    God:    Okawaru [*.....]
Gold:   78         SH:  0    Dex: 19    Spells: 4/13 levels left

rFire    . . .     SeeInvis +   a - +2 dagger (holy)
rCold    . . .     Gourm    +   (no shield)
rNeg     + + +     Faith    .   (armour currently unavailable)
rPois    +         Spirit   .   (helmet currently unavailable)
rElec    .         Reflect  .   (cloak currently unavailable)
rCorr    .         Harm     .   (gloves currently unavailable)
MR       +....     NoTele   +   (no barding)
Stlth    +++++.....             C - amulet of the gourmand {Gourm, !d}
Regen    0.4/turn               M - +4 ring of evasion
MPRegen  0.2/turn               s - +5 ring of dexterity

@: short of breath, tree-form
A: see invisible, slow metabolism 1, spit poison 1, AC +3
a: Spit Poison, Heroism, Renounce Religion


You were on level 7 of the Dungeon.
You worshipped Okawaru.
Okawaru was aware of your devotion.
You were very full.
You were a tree.
You visited 2 branches of the dungeon, and saw 9 of its levels.
You also visited: Ossuary.

You collected 519 gold pieces.
You spent 441 gold pieces at shops.

Inventory:

Hand Weapons
 a - a +2 dagger of holy wrath (weapon)
   (You took it off Jessica on level 3 of the Dungeon)
 b - a +0 hunting sling
   (You found it on level 1 of the Dungeon)
 I - a +1 dagger
Missiles
 q - 268 stones (quivered)
 D - 73 sling bullets
 O - a throwing net {=f, !d}
Armour
 f - a +0 robe (melded)
 h - a +1 pair of gloves (melded)
   (You found it on level 1 of the Dungeon)
 k - a cursed +0 helmet (melded)
   (You found it on level 1 of the Dungeon)
 o - a +1 cloak
   (You found it on level 1 of the Dungeon)
 Q - a scarf of resistance (melded)
   (You found it in an ossuary)
Jewellery
 n - an uncursed ring of magical power {MP+9}
   (You found it on level 1 of the Dungeon)
 s - a +5 ring of dexterity (right branch)
   (You found it on level 2 of the Dungeon)
 B - an uncursed ring of protection from fire {rF+, !d}
   (You found it on level 3 of the Dungeon)
 C - an amulet of the gourmand (around neck) {Gourm, !d}
   (You found it on level 3 of the Dungeon)
 L - an uncursed ring of magical power {MP+9}
   (You found it on level 4 of the Dungeon)
 M - a +4 ring of evasion (left branch)
   (You found it on level 4 of the Dungeon)
Wands
 r - a wand of polymorph (0/24)
   (You found it on level 2 of the Dungeon)
Scrolls
 i - 4 scrolls of immolation {!r}
 j - 2 scrolls of noise {unknown}
 m - 3 scrolls of teleportation
 w - a scroll of enchant armour {unknown}
 x - 3 scrolls of magic mapping {!r}
 y - a scroll of amnesia {unknown}
 z - 3 scrolls of remove curse
 A - 2 scrolls of recharging {unknown}
 F - a scroll of fear {unknown}
 H - 5 scrolls of blinking {!r}
 K - 2 scrolls of fog {unknown}
 R - a scroll of vulnerability {unknown}
Potions
 e - 6 potions of curing
 g - 2 potions of haste
 l - a potion of cancellation
 p - a potion of mutation {!q}
 t - a potion of invisibility
 u - a potion of heal wounds
 E - a potion of magic
 J - 2 potions of agility
 N - a potion of degeneration {unknown}
 S - a potion of lignification {!q}
 T - 2 potions of resistance
Books
 c - a book of Maledictions
 U - a book of Misfortune
   (You found it on level 8 of the Dungeon)
Comestibles
 d - 6 bread rations {@e1@e1}
 v - 2 fruits
 G - 2 meat rations {@e2@e2}


   Skills:
 - Level 6.3 Fighting
 + Level 6.1 Short Blades
 * Level 8.4 Slings
 - Level 1.5 Dodging
 + Level 10.4 Stealth
 - Level 2.0 Spellcasting
 + Level 7.0 Hexes


You had 4 spell levels left.
You knew the following spells:

 Your Spells              Type           Power        Failure   Level  Hunger
a - Ensorcelled Hibernat  Hex/Ice        ##....       10%         2    ###....
b - Tukima's Dance        Hex            ###.....     3%          3    ###....
c - Confuse               Hex            ###.....     3%          3    ###....
v - Corona                Hex            ###....      1%          1    #......


Dungeon Overview and Level Annotations

Branches:
Dungeon (8/15)             Temple (1/1) D:7
   Lair: D:8-11

Altars:
Ashenzari
Cheibriados
Dithmenos
Elyvilon
Fedhas
Gozag
Hepliaklqana
Kikubaaqudgha
Nemelex Xobeh
Okawaru
Qazlal
Sif Muna
Trog
Uskayaw
Vehumet
Wu Jian
Xom
Yredelemnul
The Shining One

Shops:
D:6 ?


Innate Abilities, Weirdness & Mutations

You cannot wear boots.
((Your serpentine skin is tough. (AC +3)))
You have supernaturally acute eyesight. (SInv)
((Armour fits poorly on your strangely shaped body.))
((Your system is resistant to poisons. (rPois)))
((You cover ground very slowly.))
You have a slow metabolism.
You can spit poison.


Message History

You now have 0/13 mp.
You barely miss the yak. You hit the yak. The yak closely misses you.
You hit the yak but do no damage. The yak gores you but does no damage.
You hit the yak. The yak closely misses you.
You barely miss the yak. You hit the yak but do no damage. The yak gores you!
You take 8 damage, and have 64/92 hp.
You hit the yak but do no damage. The yak gores you!
You take 11 damage, and have 53/92 hp.
You hit the yak but do no damage.
Aim: a jackal The splash of poison hits the yak.
You feel slightly less full. The yak closely misses you.
You hit the yak. The yak gores you.
You take 6 damage, and have 47/92 hp.
You hit the yak but do no damage. The yak misses you.
Unknown command.
You hit the yak but do no damage. You hit the yak. The yak barely misses you.
Aim: a yak (heavily wounded, chance to defeat MR: 43%)
The yak resists with some effort.
You have got your breath back.
The yak gores you but does no damage.
You now have 0/13 mp.
You hit the yak but do no damage. The yak closely misses you.
You hit the yak but do no damage. You hit the yak. The yak barely misses you.
You hit the yak. The yak gores you!
You take 12 damage, and have 36/92 hp.
You hit the yak but do no damage. The yak misses you.
Unknown command.
You hit the yak. You hit the yak. The yak gores you!
* * * LOW HITPOINT WARNING * * *
You take 12 damage, and have 24/92 hp.
You hit the yak. The yak misses you.
Unknown command.
You hit the yak.
Aim: a yak (moderately wounded)
The splash of poison hits the yak.
You feel slightly less full. The yak gores you!
* * * LOW HITPOINT WARNING * * *
You take 9 damage, and have 15/92 hp.
You hit the yak. The yak closely misses you.
Really quaff
S - 2 potions of lignification {!q}?
You turn into a tree.
Your scarf of resistance melds into your body.
Your cursed +0 helmet melds into your body.
Your +1 pair of gloves melds into your body.
Your +0 robe melds into your body.
You feel hot and cold all over.
Your roots penetrate the ground.
The yak gores you but does no damage.
You now have 22/138 hp.
You hit the yak but do no damage. The yak gores you but does no damage.
You hit the yak. You hit the yak. The yak gores you but does no damage.
You barely miss the yak. The yak gores you but does no damage.
You hit the yak but do no damage.
You have got your breath back.
Your magical contamination has completely faded away.
You hit the yak but do no damage. The yak gores you but does no damage.
You hit the yak. The yak gores you but does no damage.
You hit the yak. The yak gores you.
* * * LOW HITPOINT WARNING * * *
You take 2 damage, and have 22/138 hp.
You barely miss the yak. You closely miss the yak.
The yak completely misses you.
You closely miss the yak. The yak gores you but does no damage.
You hit the yak but do no damage. You hit the yak.
You kill the yak!
Okawaru accepts your kill.
Aim: a yak (moderately wounded, chance to defeat MR: 43%)
The yak resists with some effort.
The yak gores you but does no damage.
You now have 0/13 mp.
Unknown command.
You hit the yak. The yak gores you but does no damage.
You barely miss the yak. You hit the yak. The yak gores you.
* * * LOW HITPOINT WARNING * * *
You take 5 damage, and have 19/138 hp.
You hit the yak but do no damage. The yak gores you but does no damage.
You barely miss the yak. The yak gores you but does no damage.
You hit the yak but do no damage. You hit the yak.
The yak gores you but does no damage.
You hit the yak. The yak gores you.
* * * LOW HITPOINT WARNING * * *
You take 4 damage, and have 16/138 hp.
You hit the yak but do no damage. You hit the yak.
The yak gores you but does no damage.
You hit the yak but do no damage. The yak gores you!
* * * LOW HITPOINT WARNING * * *
You take 8 damage, and have 9/138 hp.
You barely miss the yak.
Aim: a yak (heavily wounded)
The splash of poison misses the yak.
The splash of poison hits the jackal.
The jackal is poisoned.
You feel slightly less full. The yak gores you but does no damage.
You hit the yak. The yak gores you!
You die...

.<.......## ##.##
.##......# #..#
.......### #.##
....#.## #.# #...#.#
#.# #.....# #.#
......# ##.# ###...##
#..# # ##...## #♣## #
#.....## ##Y#
###.##...######hh###
.#..###............##
...####.............##
....##.....###.......#
#.[......####..##....#
#..(....## ##.###....#
.......## ##......>..#


You could see a yak and 2 jackals.

Vanquished Creatures
  A two-headed ogre (D:7)
  The ghost of Duffy the Chopper, a novice DsFi (D:7)
  A gargoyle (D:8)
  Prince Ribbit (D:5)
  Sigmund (D:3)
  3 yaks
  A hungry ghost (D:7)
  Menkaure (D:6)
  Edmund (D:5)
  An ice beast (D:7)
  An orc warrior (D:5)
  3 ogres
  A phantom (D:4)
  3 centaurs
  A big kobold (D:5)
  A gnoll sergeant (D:5)
  2 bullfrogs (D:7)
  3 scorpions
  6 wights
  A howler monkey (D:6)
  5 crimson imps
  2 bullfrog zombies
  5 hounds
  A quasit (D:3)
  3 orc priests
  Crazy Yiuf (D:4)
  2 bullfrog skeletons
  Terence (D:3)
  Jessica (D:3)
  Natasha (thrice) (D:3)
  2 iguanas
  5 worker ants
  5 orc wizards
  2 big kobold zombies (Ossuary)
  2 hound zombies
  4 hound skeletons
  4 mummies (Ossuary)
  9 gnolls
  9 adders
  3 river rats (D:4)
  3 shadow imps
  2 oozes
  4 worms
  7 dart slugs
  8 leopard geckos
  14 orcs
  4 ball pythons
  3 giant cockroaches
  5 goblins
  2 hobgoblins
  5 jackals
  4 kobolds
  3 quokkas
  9 bats
  6 frilled lizards
  2 gnoll zombies (Ossuary)
  3 goblin zombies (Ossuary)
  A hobgoblin zombie (Ossuary)
  A jackal skeleton (D:5)
  2 jackal zombies (Ossuary)
  A kobold zombie (Ossuary)
  4 leopard gecko skeletons
  8 rats
  2 fungi
206 creatures vanquished.

Vanquished Creatures (collateral kills)
  A gnoll (D:6)
1 creature vanquished.

Vanquished Creatures (others)
  2 dancing weapons
  The ghost of Vidiiot the Cutter, a weakling MiAs (D:3)
  A leopard gecko (D:4)
4 creatures vanquished.

Grand Total: 211 creatures vanquished

Notes
Turn   | Place    | Note
-------+----------+-------------------------------------------
     0 | D:1      | Gorglomux the Naga Enchanter began the quest for the Orb.
     0 | D:1      | Reached XP level 1. HP: 15/15 MP: 3/3
    47 | D:1      | Reached skill level 1 in Fighting
    60 | D:1      | HP: 4/18 [kobold (2)]
    67 | D:1      | Reached XP level 2. HP: 5/25 MP: 3/5
    77 | D:1      | Learned a level 2 spell: Ensorcelled Hibernation
   331 | D:1      | Reached skill level 2 in Fighting
   602 | D:1      | Reached XP level 3. HP: 33/33 MP: 6/6
  1034 | D:1      | Reached skill level 3 in Fighting
  1460 | D:2      | Learned a level 3 spell: Tukima's Dance
  1875 | D:2      | Found a white marble altar of Elyvilon.
  1913 | D:2      | Found a hide-covered altar of Uskayaw.
  1930 | D:2      | Reached XP level 4. HP: 42/42 MP: 7/7
  2673 | D:3      | Reached skill level 4 in Fighting
  2879 | D:3      | Noticed Natasha
  2893 | D:3      | Killed Natasha
  2893 | D:3      | Reached XP level 5. HP: 31/51 MP: 8/8
  3016 | D:3      | Noticed Natasha
  3026 | D:3      | Killed Natasha
  3072 | D:3      | Noticed Sigmund
  3093 | D:3      | Killed Sigmund
  3093 | D:3      | Reached skill level 6 in Fighting
  3093 | D:3      | Reached XP level 6. HP: 48/62 MP: 9/9
  3110 | D:3      | Found an opulent altar of Gozag.
  3146 | D:3      | Noticed Natasha
  3156 | D:3      | Killed Natasha
  3170 | D:3      | Found a radiant altar of Vehumet.
  3206 | D:3      | Found a shattered altar of Ashenzari.
  3417 | D:3      | Noticed Terence
  3440 | D:3      | Killed Terence
  3544 | D:3      | Killed Vidiiot's ghost
  3736 | D:3      | Noticed Jessica
  3750 | D:3      | Killed Jessica
  3808 | D:3      | Learned a level 3 spell: Confuse
  3856 | D:3      | Noticed Grinder
  3869 | D:3      | Noticed Grinder
  3869 | D:3      | Grinder changed into Grinder the quasit
  3881 | D:3      | Killed Grinder the quasit
  3881 | D:3      | Reached skill level 1 in Slings
  4338 | D:4      | Reached XP level 7. HP: 64/70 MP: 10/10
  4443 | D:4      | Reached skill level 5 in Stealth
  4598 | D:4      | Found a sparkling altar of Nemelex Xobeh.
  4644 | D:4      | Reached skill level 2 in Slings
  4877 | D:4      | Reached skill level 2 in Short Blades
  5579 | D:4      | Reached skill level 6 in Stealth
  6033 | D:4      | Found a runed door.
  6037 | D:4      | Noticed Crazy Yiuf
  6047 | D:4      | Killed Crazy Yiuf
  6047 | D:4      | Reached skill level 3 in Slings
  6047 | D:4      | Reached skill level 4 in Hexes
  6347 | D:4      | Reached XP level 8. HP: 78/78 MP: 8/11
  6364 | D:5      | Entered Level 5 of the Dungeon
  6380 | D:5      | Found a deep blue altar of Sif Muna.
  6609 | D:5      | Found a sand-covered staircase.
  6614 | Ossuary  | Entered an ossuary
  6692 | Ossuary  | Reached skill level 3 in Short Blades
  7116 | Ossuary  | Reached skill level 4 in Slings
  7427 | D:5      | Noticed Prince Ribbit
  7436 | D:5      | Killed Prince Ribbit
  7436 | D:5      | Reached skill level 7 in Stealth
  7684 | D:5      | Noticed Edmund
  7714 | D:5      | Killed Edmund
  7714 | D:5      | Reached skill level 5 in Slings
  7714 | D:5      | Reached XP level 9. HP: 71/84 MP: 1/12
  7822 | D:5      | HP: 20/84 [gnoll sergeant/trident (4)]
  7825 | D:5      | Reached skill level 4 in Short Blades
  7825 | D:5      | Reached skill level 5 in Hexes
  8163 | D:5      | Reached skill level 8 in Stealth
  8678 | D:5      | Reached skill level 6 in Slings
  9338 | D:6      | Found a hazy altar of Hepliaklqana.
  9338 | D:6      | Found Yqohygisor's Magic Scroll Shoppe.
  9342 | D:6      | Bought a scroll of remove curse for 45 gold pieces
  9342 | D:6      | Bought a scroll of blinking for 112 gold pieces
  9342 | D:6      | Bought a scroll of identify for 30 gold pieces
  9342 | D:6      | Bought a scroll of immolation for 52 gold pieces
  9342 | D:6      | Bought 2 scrolls of identify for 60 gold pieces
  9342 | D:6      | Bought a scroll of identify for 30 gold pieces
  9342 | D:6      | Bought a scroll of blinking for 112 gold pieces
  9914 | D:6      | HP: 6/84 [gnoll/halberd (18)]
  9923 | D:6      | HP: 14/84 [gnoll/halberd (2)]
 10243 | D:6      | Noticed Menkaure
 10248 | D:6      | Killed Menkaure
 10317 | D:6      | Found a bloodstained altar of Trog.
 10379 | D:6      | Gorglomux: !rng dith, trog
 10379 | D:6      | beem: The RNG chooses: dith,.
 10512 | D:7      | Noticed Duffy's ghost (novice DsFi)
 10807 | D:7      | Killed Duffy's ghost
 10807 | D:7      | Reached skill level 5 in Short Blades
 10807 | D:7      | Reached skill level 7 in Slings
 10807 | D:7      | Reached skill level 9 in Stealth
 10807 | D:7      | Reached skill level 6 in Hexes
 10869 | D:7      | Reached XP level 10. HP: 41/92 MP: 5/13
 11344 | D:7      | Found a staircase to the Ecumenical Temple.
 11351 | Temple   | Entered the Ecumenical Temple
 11394 | Temple   | Became a worshipper of Warmaster Okawaru
 11817 | D:7      | Noticed a two-headed ogre
 11831 | D:7      | Killed a two-headed ogre
 11853 | D:7      | Found a shadowy altar of Dithmenos.
 11883 | D:7      | Reached skill level 10 in Stealth
 11893 | D:7      | Reached * piety under Okawaru
 11933 | D:7      | Reached skill level 8 in Slings
 12017 | D:8      | Noticed a gargoyle
 12031 | D:8      | Killed a gargoyle
 12031 | D:8      | Reached skill level 6 in Short Blades
 12136 | D:8      | Reached skill level 7 in Hexes
 12173 | D:7      | HP: 15/92 [yak (10)]
 12183 | D:7      | HP: 22/138 [yak (2)]
 12192 | D:7      | HP: 19/138 [yak (5)]
 12197 | D:7      | HP: 16/138 [yak (4)]
 12203 | D:7      | Slain by a yak

Vault maps used:
D:1:      kennysheep_arrival_forest, minmay_gold_behind_fungi
D:2:      elyvilon_altar_4, eat_drink_and_be_merry_uskayaw, first_bread
D:3:      grunt_gozag_statues, fiery_altar_vehumet, evilmike_ruin_ashenzari,
          serial_glass, glass_columns_c, glass_columns_c,
          nicolae_underground_beach, uniq_natasha, uniq_terence, uniq_sigmund,
          uniq_jessica, uniq_grinder
D:4:      nemelex_altar_shiori, portal_sewer_entry_e, uniq_crazy_yiuf_cottage
D:5:      nicolae_overflow_crystal_walls, serial_glass, glass_columns_b,
          glass_columns_b, enter_ossuary_2, hangedman_abyss_or_decor_stagger,
          sword_in_stone, uniq_edmund, uniq_prince_ribbit1
D:6:      lemuel_round_altar, lightli_temple_of_fire, serial_shops, shop,
          small_statue_intersection, uniq_menkaure
D:7:      old_standard_altar, minmay_temple_entry_hall
D:8:      nicolae_overflow_hidden_temple, kennysheep_mini, serial_shops, shop
Temple:   jpeg_temple_island
Ossuary:  ossuary_minmay_tomb_2a

Skill      XL: |  1  2  3  4  5  6  7  8  9 10 |
---------------+-------------------------------+-----
Fighting       | 1 2 3 4 6 |  6.3
Slings         | 1 3 5 7 8 |  8.4
Stealth        | 6 7 9 10 | 10.4
Short Blades   | 2 3 5 6 |  6.1
Hexes          | 4 6 7 |  7.0
Dodging        | |  1.5
Spellcasting   | |  2.0

Action                   |  1- 3 |  4- 6 |  7- 9 | 10-12 || total
-------------------------+-------+-------+-------+-------++-------
Melee: Dagger            |   126 |   110 |   665 |   141 ||  1042
 Fire: Hunting sling     |    12 |    24 |    81 |    21 ||   138
Throw: Stone             |     2 |    35 |    93 |     7 ||   137
 Cast: Corona            |     2 |       |       |       ||     2
       Ensorcelled Hiber |    10 |    24 |    52 |    14 ||   100
       Tukima's Dance    |       |     5 |    10 |     1 ||    16
       Confuse           |       |     6 |    43 |    12 ||    61
 Abil: Spit Poison       |     5 |     7 |    25 |     6 ||    43
Evoke: Wand              |       |     3 |     2 |       ||     5
  Use: Scroll            |       |       |    13 |       ||    13
       Potion            |       |       |     1 |     1 ||     2
 Stab: Sleeping          |     8 |    12 |    23 |     7 ||    50
       Confused          |       |     1 |     6 |     6 ||    13
  Eat: Chunk             |     3 |     8 |    32 |     9 ||    52
       Bread ration      |       |     1 |       |       ||     1
       Fruit             |       |       |     2 |       ||     2
Armor: Robe              |    33 |    51 |   219 |    32 ||   335
       Skin              |       |       |       |    14 ||    14
Dodge: Dodged            |    70 |    72 |   584 |    96 ||   822

Vault maps used:
D:1:      kennysheep_arrival_forest, minmay_gold_behind_fungi
D:2:      elyvilon_altar_4, eat_drink_and_be_merry_uskayaw, first_bread
D:3:      grunt_gozag_statues, fiery_altar_vehumet, evilmike_ruin_ashenzari,
          serial_glass, glass_columns_c, glass_columns_c,
          nicolae_underground_beach, uniq_natasha, uniq_terence, uniq_sigmund,
          uniq_jessica, uniq_grinder
D:4:      nemelex_altar_shiori, portal_sewer_entry_e, uniq_crazy_yiuf_cottage
D:5:      nicolae_overflow_crystal_walls, serial_glass, glass_columns_b,
          glass_columns_b, enter_ossuary_2, hangedman_abyss_or_decor_stagger,
          sword_in_stone, uniq_edmund, uniq_prince_ribbit1
D:6:      lemuel_round_altar, lightli_temple_of_fire, serial_shops, shop,
          small_statue_intersection, uniq_menkaure
D:7:      old_standard_altar, minmay_temple_entry_hall
D:8:      nicolae_overflow_hidden_temple, kennysheep_mini, serial_shops, shop
Temple:   jpeg_temple_island
Ossuary:  ossuary_minmay_tomb_2a

Table legend:
 A = Turns spent in this place as a percentage of turns spent in the entire game.
 B = Non-inter-level travel turns spent in this place as a percentage of non-inter-level travel turns spent in the entire game.
 C = Inter-level travel turns spent in this place as a percentage of turns spent in this place.
 D = Turns resting spent in this place as a percentage of non-inter-level travel turns spent in this place.
 E = Turns spent auto-exploring this place as a percentage of non-inter-level travel turns spent in this place.
 F = Non-inter-level travel turns spent in this place divided by the number of levels of this place that you've seen.
                   A       B       C       D       E      F
               +-------+-------+-------+-------+-------+----------------------
         Total | 100.0 | 100.0 |   0.4 |   3.2 |   7.2 | 351.0
       Dungeon |  94.1 |  94.1 |   0.4 |   3.3 |   6.9 | 412.9
        Temple |   0.5 |   0.5 |   5.6 |   0.0 |  23.5 |  17.0
       Ossuary |   5.4 |   5.4 |   0.0 |   1.6 |  10.0 | 190.0
               +-------+-------+-------+-------+-------+----------------------

Table legend:
 A = Kills in this place as a percentage of kills in entire the game.
 B = Kills by you in this place as a percentage of kills by you in the entire game.
 C = Kills by friends in this place as a percentage of kills by friends in the entire game.
 D = Other kills in this place as a percentage of other kills in the entire game.
 E = Experience gained in this place as a percentage of experience gained in the entire game.
 F = Experience gained in this place divided by the number of levels of this place that you have seen.
                   A       B       C       D       E      F
               +-------+-------+-------+-------+-------+----------------------
         Total | 100.0 | 100.0 | 100.0 |  -nan | 100.0 | 775.6
       Dungeon |  92.2 |  92.2 | 100.0 |  -nan |  98.1 | 951.0
       Ossuary |   7.8 |   7.8 |   0.0 |  -nan |   1.9 | 148.0
               +-------+-------+-------+-------+-------+----------------------
